 Dungeon Crawl Stone Soup version 0.28.0-43-g3370ac3207 (webtiles) character file.

Game seed: 5215720231646974835

141 mortz the Magician (level 5, -6/35 HPs)
             Began as a Djinni Air Elementalist on Mar 27, 2022.
             Mangled by a raiju (7 damage)
             ... on level 2 of the Abyss.
             The game lasted 00:11:50 (2924 turns).

mortz the Magician (Djinni Air Elementalist)        Turns: 2924, Time: 00:11:51

Health: -6/35      AC:  2    Str:  7    XL:     5   Next: 48%
Gold:   93         EV: 12    Int: 19    God:
                   SH:  0    Dex: 13

rFire   + + .      SeeInvis .   h - +2 dagger (pain) {short}
rCold   x . .      Faith    .   (no shield)
rNeg    . . .      Spirit   .   a - +0 robe
rPois   ∞          Reflect  .   (no helmet)
rElec   .          Harm     .   (no cloak)
rCorr   .          Rampage  .   (no gloves)
Will    .....                   (boots unavailable)
Stlth   ++........              (no amulet)
HPRegen 0.11/turn               (no ring)
MPRegen 0.00/turn               (no ring)

@: about to teleport, flying
A: sickness immunity, fire resistance 2, cold vulnerability 1, float, innate
caster, HP casting, extra vitality 1
a: no special abilities


You were on level 2 of the Abyss.
You visited 1 branch of the dungeon, and saw 3 of its levels.
You visited the Abyss 1 time.

You collected 93 gold pieces.


Innate Abilities, Weirdness & Mutations

You are immune to sickness and miasma.
You are immune to poison.
Your flesh is very heat resistant. (rF++)
You are vulnerable to cold. (rC-)
You float through the air rather than walking.
You learn spells naturally, not from books.
Your magical power is your life essence.
You have superior vitality. (+4 MHP)


   Skills:
 + Level 2.5 Dodging
 + Level 2.2 Stealth
 + Level 4.1 Spellcasting


You couldn't memorise any spells.
You knew the following spells:

 Your Spells              Type           Power      Damage    Failure   Level
a - Shock                 Conj/Air       76%        1d7       2%          1
b - Static Discharge      Conj/Air       19%        N/A       3%          2
c - Swiftness             Air            19%        N/A       8%          3
d - Airstrike             Air            9%         N/A       24%         4
e - Beastly Appendage     Tmut           38%        N/A       2%          1
f - Corpse Rot            Necr/Air       38%        N/A       3%          2
Your spell library was empty.

Inventory:

Hand Weapons
 e - a +0 dagger {short}
   (You took it off a goblin on level 1 of the Dungeon)
 h - a +2 dagger of pain (weapon) {short}
   (You took it off a kobold on level 3 of the Dungeon)
 i - a +2 short sword of distortion {!wshort}
   (You took it off an orc on level 3 of the Dungeon)
Missiles
 d - 6 poisoned darts {throwing}
 g - 30 stones {throwing}
Armour
 a - a +0 robe (worn)
Scrolls
 b - a scroll of teleportation {@r4}
 c - 2 scrolls of identify {unknown}
Potions
 f - 3 potions of brilliance {unknown}

Dungeon Overview and Level Annotations

Branches:
Dungeon (3/15)

Altars:

##. #.##
.#..# #
.###..#..#.#
.... ##.#.
.#... # .
.#.....# .
#.. .#. .#
###...# ###
...#
#...#.###
##..#.#@#
#... #h.# #
######


You could see a raiju.


Message History

You take 1 damage, and now have 30/35 hp.
Aiming: Shock (safe; 2% risk of failure)
Press: ? - help, Q - select action, (/) - cycle Shift-Dir - straight line, f/p - orc wizard
Aim: an orc wizard, wielding a +0 dagger and wearing a +0 robe (moderately wounded, 64% to hit)
The zap hits the orc wizard.
The zap hits the orc.
The orc shouts! 😕 HP[-1]
You take 1 damage, and now have 29/35 hp.
Aiming: Shock (safe; 2% risk of failure)
Press: ? - help, Q - select action, (/) - cycle Shift-Dir - straight line, f/p - orc wizard
Aim: an orc wizard, wielding a +0 dagger and wearing a +0 robe (moderately wounded, 64% to hit)
The zap misses the orc wizard. 😕 HP[-1]
You take 1 damage, and now have 28/35 hp.
Aiming: Shock (safe; 2% risk of failure)
Press: ? - help, Q - select action, (/) - cycle Shift-Dir - straight line, f/p - orc wizard
Aim: an orc wizard, wielding a +0 dagger and wearing a +0 robe (moderately wounded, 64% to hit)
The zap hits the orc wizard.
The orc wizard casts a spell.
The orc wizard flickers and vanishes!
Deactivating autopickup; reactivate with Ctrl-A. 😕 HP[-1]
You take 1 damage, and now have 27/35 hp.
Aiming: Shock (safe; 2% risk of failure)
Press: ? - help, Q - select action, (/) - cycle Shift-Dir - straight line The zap hits something.
Reactivating autopickup.
You feel a bit more experienced.
Aiming: Shock (safe; 2% risk of failure)
Press: ? - help, Q - select action, (/) - cycle Shift-Dir - straight line The zap hits the orc. 😮 HP[-1]
You take 1 damage, and now have 26/35 hp.
Aiming: Shock (safe; 2% risk of failure)
Press: ? - help, Q - select action, (/) - cycle Shift-Dir - straight line The zap hits the orc!
You kill the orc! 😮 HP[-1]
You take 1 damage, and now have 25/35 hp.
You start resting.
An orc comes into view. It is wielding a +0 dagger. 😕 HP[+3]
You regained 3 hp, and now have 28/35 hp.
Aiming: Shock (safe; 2% risk of failure)
Press: ? - help, Q - select action, (/) - cycle Shift-Dir - straight line, f - orc
Aim: an orc, wielding a +0 dagger (wandering, hasn't noticed you, 71% to hit)
The zap hits the orc!
You kill the orc! 😕 HP[-1]
You take 1 damage, and now have 27/35 hp.
You start resting. 😎 HP[+8]
Your hp is fully restored (35).
c - 2 scrolls labelled KERAGY FECLINO (gained 1)
Things that are here:
a +2 short sword of distortion {!wshort}; a +0 leather armour; an orc corpse Really wield a +2 short sword of distortion {!wshort}?
Space warps around you for a moment!
i - a +2 short sword of distortion (weapon)
{!wshort} Really unwield
i - a +2 short sword of distortion {!wshort}?
You have a feeling of ineptitude.
h - a +2 dagger of pain (weapon)
{short} You are cast into the Abyss!
This branch contains the abyssal rune of Zot.
Found a corrupted altar of Lugonu.
A raiju comes into view.
A raiju comes into view.
A raiju comes into view.
The raiju barks!
A spriggan defender zombie comes into view.
As you read the scroll labelled ELIBEH KICOOKO, it crumbles to dust.
You feel strangely unstable.
You feel the power of the Abyss delaying your translocation!
It was a scroll of teleportation.
The raiju bursts into living lightning!
The living lightning misses you.
The raiju blinks!
The raiju bursts into living lightning!
The living lightning hits you!
The raiju blinks! 😮 HP[-11]
You take 11 damage, and now have 24/35 hp.
MASSIVE DAMAGE!! (PAUSE)
The raiju misses you. The raiju barely misses you.
The raiju bites you but does no damage.
You hit the raiju but do no damage. The raiju bites you. The raiju shocks you!
* * * LOW HITPOINT WARNING * * *
😨 HP[-13]
You take 13 damage, and now have 11/35 hp.
MASSIVE DAMAGE!! (PAUSE)
You hit the raiju but do no damage. The raiju bites you.
* * * LOW HITPOINT WARNING * * *
The raiju shocks you!
* * * LOW HITPOINT WARNING * * *
😱 HP[-10]
You take 10 damage, and now have 1/35 hp.
MASSIVE DAMAGE!! (PAUSE)
You closely miss the raiju. The raiju barely misses you.
You hit the raiju but do no damage. The raiju barely misses you.
You hit the raiju but do no damage. The raiju bites you!
You die...

Skill      XL: |  1  2  3  4  5 |
---------------+----------------+-----
Spellcasting   | 3 4 |  4.1
Stealth        | 2 |  2.2
Dodging        | |  2.5

Action                   |  1- 3 |  4- 6 || total
-------------------------+-------+-------++-------
Melee: Dagger            |       |     5 ||     5
 Cast: Shock             |    56 |    46 ||   102
       Static Discharge  |     3 |     6 ||     9
  Use: Scroll            |       |     1 ||     1
Armor: Robe              |     2 |     1 ||     3
Dodge: Dodged            |     4 |     6 ||    10

Levels and vault maps discovered:
D:1:      sevenhm_arrival_forest_fort_large_1, layout_basic,
          dreamdust_ecumenical_altar_drowned_temple
D:2:      layout_rooms, chequers_serial_rivers_small_b
D:3:      layout_basic, lemuel_coloured_pillars_altar, serial_co_window_serial,
          co_window_paths_b, co_window_paths_b, co_window_paths_b,
          co_window_paths_a, co_window_paths_a, co_window_broadway_c,
          co_window_corner_b, co_window_broadway_b, co_window_unsneaky_path_d,
          glass_columns_c, glass_columns_c, glass_columns_a, glass_columns_a,
          glass_columns_a, uniq_ijyb
Abyss:2:  base: D:1, evilmike_abyss_exit_12

Notes
Turn   | Place    | Note
-------+----------+-------------------------------------------
     0 | D:1      | mortz the Djinni Air Elementalist began the quest for the
                  | Orb.
     0 | D:1      | Reached XP level 1. HP: 15/15 MP: 0/0
     0 | D:1      | magus.rc [v1.9.6]
   125 | D:1      | Reached XP level 2. HP: 5/21 MP: 0/0
   948 | D:1      | Reached skill level 3 in Spellcasting
  1049 | D:1      | Reached XP level 3. HP: 20/25 MP: 0/0
  1049 | D:1      | Learned a level 1 spell: Beastly Appendage
  1191 | D:1      | Found a faded altar of an unknown god.
  1622 | D:2      | Reached XP level 4. HP: 29/31 MP: 0/0
  2020 | D:2      | Reached XP level 5. HP: 33/35 MP: 0/0
  2020 | D:2      | Learned a level 2 spell: Corpse Rot
  2360 | D:3      | Reached skill level 2 in Stealth
  2400 | D:3      | Reached skill level 4 in Spellcasting
  2797 | D:3      | You are cast into the Abyss!
  2797 | D:3      | Cast into level 2 of the Abyss (unwielding a weapon of
                  | distortion)
  2797 | Abyss:2  | Found a corrupted altar of Lugonu.
  2813 | Abyss:2  | Noticed a raiju
  2829 | Abyss:2  | Noticed a raiju
  2878 | Abyss:2  | Noticed a raiju
  2890 | Abyss:2  | Noticed a spriggan defender zombie
  2921 | Abyss:2  | HP: 1/35 [raiju (8)]
  2924 | Abyss:2  | Mangled by a raiju

Vanquished Creatures
  An orc wizard (D:3)
  3 adders
  4 gnolls (D:2)
  A dart slug (D:1)
  2 orcs (D:3)
  8 ball pythons
  4 bats
  2 endoplasms (D:1)
  2 giant cockroaches
  4 goblins
  2 hobgoblins
  4 jackals (D:1)
  2 kobolds (D:3)
  A quokka (D:1)
  A frilled lizard (D:1)
  7 rats
  A spectral hobgoblin (D:1)
49 creatures vanquished.

Table legend:
 A = Non-vault XP
 B = Vault XP
 C = Vault XP percentage of total XP
 D = Non-vault monster count
 E = Vault monster count
 F = Vault count percentage of total count
                 A         B        C        D         E       F
            +---------+---------+-------+---------+---------+-------
      Total |     197 |       5 |   2.5 |      45 |       4 |   8.2
            +---------+---------+-------+---------+---------+-------
        D:1 |      37 |       5 |  11.9 |      21 |       4 |  16.0
        D:2 |      98 |       0 |   0.0 |      14 |       0 |   0.0
        D:3 |      62 |       0 |   0.0 |      10 |       0 |   0.0
            +---------+---------+-------+---------+---------+-------

Illustrated notes

Table legend:
 A = Kills in this place as a percentage of kills in entire the game.
 B = Kills by you in this place as a percentage of kills by you in the entire game.
 C = Kills by friends in this place as a percentage of kills by friends in the entire game.
 D = Other kills in this place as a percentage of other kills in the entire game.
 E = Experience gained in this place as a percentage of experience gained in the entire game.
 F = Experience gained in this place divided by the number of levels of this place that you have seen.
                   A       B       C       D       E      F
               +-------+-------+-------+-------+-------+----------------------
         Total | 100.0 | 100.0 |   N/A |   N/A | 100.0 |  50.5
       Dungeon | 100.0 | 100.0 |   N/A |   N/A | 100.0 |  67.3
               +-------+-------+-------+-------+-------+----------------------

Table legend: (Time is in decaauts)
 A = Elapsed time spent in this place.
 B = Non-inter-level travel time spent in this place.
 C = Inter-level travel time spent in this place.
 D = Time resting spent in this place.
 E = Time spent auto-exploring this place.
 F = Levels seen in this place.
 G = Mean time per level.
                   A        B        C        D        E       F      G
               +--------+--------+--------+--------+--------+-----+--------+
         Total |   2921 |   2848 |     73 |    521 |   2007 |   4 |  730.2 |
       Dungeon |   2795 |   2722 |     73 |    521 |   1979 |   3 |  931.7 |
         Abyss |    126 |    126 |      0 |      0 |     28 |   1 |  126.0 |
               +--------+--------+--------+--------+--------+-----+--------+

Top non-repeatable levels by time:
     D:1: 1682 daAuts
     D:2: 650 daAuts
     D:3: 462 daAuts
 Abyss:2: 126 daAuts
